EVO
UNIVERSITY OF CALIFORNIA GOLDEN BEARS @ WICHITA STATE UNIVERSITY SHOCKERS
07/12/2048
 
TOP OF THE 1ST
University of California Golden Bears batting - Pitching for Wichita State University Shockers : RHP Jose Nunez
Pitching: RHP Jose Nunez
Batting: LHB Luis Orellana 0-0: Ground out 4-3 (Groundball, 4, EV 101.9 MPH)
Batting: RHB Tim Spence 0-0: Ball
1-0: Ground out 6-3 (Groundball, 6, EV 76.2 MPH)
Batting: LHB Carlos Gaona 0-0: Called Strike
0-1: Hit by Pitch
Batting: RHB Ken Hahn 0-0: Foul Ball, location: 2F
0-1: Ball
1-1: Ball
2-1: Ball
3-1: Called Strike
3-2: Foul Ball, location: 2F
3-2: Fly out, F4 (Popup, 34, EV 50.6 MPH)
Top of the 1st over - 0 runs, 0 hits, 0 errors, 1 left on base; University of California 0 - Wichita State University 0
BOTTOM OF THE 1ST
Wichita State University Shockers batting - Pitching for University of California Golden Bears : RHP Arthur Adams
Pitching: RHP Arthur Adams
Batting: RHB Kyle Gill 0-0: Foul Ball, location: 2F
0-1: Swinging Strike
0-2: Ball
1-2: SINGLE (Groundball, 4MD, EV 107.5 MPH)
Batting: RHB Byron Whitehead 0-0: Ball
1-0: Called Strike
1-1: Called Strike
1-2: Strikes out swinging
Batting: LHB Carlos Flores 0-0: Ball
1-0: Ball
2-0: Ball
3-0: Called Strike
3-1: Called Strike
3-2: Base on Balls
Kyle Gill to second
Batting: RHB Jason Adelstein 0-0: Ball
1-0: Ball
2-0: Swinging Strike
2-1: Fly out, F9 (Flyball, 9S, EV 83.8 MPH)
Batting: LHB Troy Davies 0-0: Ball
1-0: Ball
2-0: Fielders Choice at 2nd, 4-6 (Groundball, 4MD, EV 93.1 MPH)
Bottom of the 1st over - 0 runs, 1 hit, 0 errors, 2 left on base; University of California 0 - Wichita State University 0
TOP OF THE 2ND
University of California Golden Bears batting - Pitching for Wichita State University Shockers : RHP Jose Nunez
Batting: SHB Nick Jansen 0-0: Called Strike
0-1: Called Strike
0-2: Ball
1-2: Fly out, F7 (Flyball, 7, EV 86.9 MPH)
Batting: RHB Nate Mahon 0-0: Ball
1-0: Ball
2-0: Ball
3-0: Foul Ball, location: 2F
3-1: Base on Balls
Batting: RHB Juan Debayle 0-0: Ball
1-0: Ball
Nate Mahon steals 2nd base
2-0: Ball
3-0: Called Strike
3-1: Foul Ball, location: 2F
3-2: Foul Ball, location: 2F
3-2: Foul Ball, location: 2F
3-2: Ground out 4-3 (Groundball, 34, EV 80.6 MPH)
Nate Mahon to third
Batting: LHB Jonathan Sosa 0-0: Ball
1-0: Ground out 4-3 (Groundball, 4, EV 76.9 MPH)
Top of the 2nd over - 0 runs, 0 hits, 0 errors, 1 left on base; University of California 0 - Wichita State University 0
BOTTOM OF THE 2ND
Wichita State University Shockers batting - Pitching for University of California Golden Bears : RHP Arthur Adams
Batting: LHB Kyle Lee 0-0: Foul Ball, location: 2F
0-1: Swinging Strike
0-2: Ball
1-2: Ball
2-2: Ball
3-2: Fly out, F7 (Flyball, 7, EV 85.6 MPH)
Batting: RHB Jordan Carr 0-0: Called Strike
0-1: Ball
1-1: Ball
2-1: Ground out 1-3 (Groundball, 15, EV 70.6 MPH)
Batting: RHB Alex Zeledon 0-0: Ball
1-0: Ball
2-0: Foul Ball, location: 2F
2-1: Called Strike
2-2: Strikes out looking
Bottom of the 2nd over - 0 runs, 0 hits, 0 errors, 0 left on base; University of California 0 - Wichita State University 0
TOP OF THE 3RD
University of California Golden Bears batting - Pitching for Wichita State University Shockers : RHP Jose Nunez
Batting: RHB Bill Gallardo 0-0: Ball
1-0: Called Strike
1-1: Ball
2-1: Ball
3-1: Foul Ball, location: 2F
3-2: Base on Balls
Batting: LHB Luis Orellana 0-0: Called Strike
0-1: Ball
1-1: Swinging Strike
1-2: Strikes out swinging
Pitching: RHP Keith Wilder
Batting: RHB Tim Spence 0-0: Fielders Choice at 2nd, 4-6 (Groundball, 34, EV 105.0 MPH)
Batting: LHB Carlos Gaona 0-0: Swinging Strike
0-1: Ball
1-1: Foul Ball, location: 2F
1-2: Strikes out swinging
Top of the 3rd over - 0 runs, 0 hits, 0 errors, 1 left on base; University of California 0 - Wichita State University 0
BOTTOM OF THE 3RD
Wichita State University Shockers batting - Pitching for University of California Golden Bears : RHP Arthur Adams
Batting: SHB Mike Chafe 0-0: DOUBLE (Line Drive, 7LM, EV 106.9 MPH)
Batting: RHB Kyle Gill 0-0: Foul Ball, location: 2F
0-1: Called Strike
0-2: Ball
1-2: Fly out, F7 (Flyball, 7, EV 85.0 MPH)
Batting: RHB Byron Whitehead 0-0: Fly out, F9 (Flyball, 89M, EV 86.2 MPH)
Batting: LHB Carlos Flores 0-0: Called Strike
0-1: Foul Ball, location: 2F
0-2: Strikes out swinging
Bottom of the 3rd over - 0 runs, 1 hit, 0 errors, 1 left on base; University of California 0 - Wichita State University 0
TOP OF THE 4TH
University of California Golden Bears batting - Pitching for Wichita State University Shockers : RHP Keith Wilder
Pitching: LHP Blake Gans
Batting: RHB Ken Hahn 0-0: Ball
1-0: Fly out, F8 (Flyball, 89M, EV 86.2 MPH)
Batting: SHB Nick Jansen 0-0: Swinging Strike
0-1: Fly out, F8 (Line Drive, 8RM, EV 94.4 MPH)
Batting: RHB Nate Mahon 0-0: Swinging Strike
0-1: Ball
1-1: Ball
2-1: Swinging Strike
2-2: Foul Ball, location: 2F
2-2: Strikes out swinging
Top of the 4th over - 0 runs, 0 hits, 0 errors, 0 left on base; University of California 0 - Wichita State University 0
BOTTOM OF THE 4TH
Wichita State University Shockers batting - Pitching for University of California Golden Bears : RHP Arthur Adams
Pitching: RHP Danny Rodriguez
Batting: RHB Jason Adelstein 0-0: Ball
1-0: Called Strike
1-1: Foul Ball, location: 2F
1-2: Ball
2-2: Ball
3-2: Strikes out looking
Batting: LHB Troy Davies 0-0: Called Strike
0-1: Called Strike
0-2: Ball
1-2: Foul Ball, location: 2F
1-2: Strikes out looking
Batting: LHB Kyle Lee 0-0: Fly out, F7 (Flyball, 78D, EV 95.6 MPH)
Bottom of the 4th over - 0 runs, 0 hits, 0 errors, 0 left on base; University of California 0 - Wichita State University 0
TOP OF THE 5TH
University of California Golden Bears batting - Pitching for Wichita State University Shockers : LHP Blake Gans
Pitching: RHP Shamar Watkins
Now in LF: Carlos Flores
Now in RF: Bryan Palmer
Batting: RHB Juan Debayle 0-0: Ball
1-0: Foul Ball, location: 2F
1-1: Called Strike
1-2: Strikes out swinging
Batting: LHB Jonathan Sosa 0-0: Ball
1-0: Ball
2-0: Called Strike
2-1: SINGLE (Groundball, 4MD, EV 102.5 MPH)
Batting: RHB Bill Gallardo 0-0: Called Strike
0-1: Ball
1-1: Called Strike
1-2: Ball
2-2: Foul Ball, location: 2F
2-2: Strikes out swinging
Batting: LHB Luis Orellana 0-0: Called Strike
0-1: Ball
1-1: Ball
2-1: Foul Ball, location: 2F
2-2: Foul Ball, location: 2F
2-2: Foul Ball, location: 2F
2-2: Ground out 5-3 (Groundball, 25, EV 81.2 MPH)
Top of the 5th over - 0 runs, 1 hit, 0 errors, 1 left on base; University of California 0 - Wichita State University 0
BOTTOM OF THE 5TH
Wichita State University Shockers batting - Pitching for University of California Golden Bears : RHP Danny Rodriguez
Pitching: RHP Steve Clothier
Batting: RHB Jordan Carr 0-0: Ball
1-0: Ball
2-0: Foul Ball, location: 2F
2-1: Ball
3-1: Base on Balls
Batting: RHB Alex Zeledon 0-0: Called Strike
0-1: Ball
1-1: Sac Bunt to 15 - play at second, runner OUT! 1-6
Batting: SHB Mike Chafe 0-0: Ball
1-0: Ball
2-0: Called Strike
2-1: Fly out, F7 (Flyball, 78S, EV 85.6 MPH)
Pinch Hitting: SHB Peter Faggard 0-0: Called Strike
Alex Zeledon steals 2nd base (no throw)
0-1: Foul Ball, location: 2F
0-2: Strikes out swinging
Bottom of the 5th over - 0 runs, 0 hits, 0 errors, 1 left on base; University of California 0 - Wichita State University 0
TOP OF THE 6TH
University of California Golden Bears batting - Pitching for Wichita State University Shockers : RHP Shamar Watkins
Pitching: LHP Alex Brown
Now at 2B: Kyle Lee
Now at 3B: Jeff Grant
Now at SS: Peter Faggard
Now in LF: Rick McGrath
Now in CF: Byron Whitehead
Batting: RHB Tim Spence 0-0: Fly out, F9 (Flyball, 9S, EV 81.2 MPH)
Batting: LHB Carlos Gaona 0-0: Foul Ball, location: 2F
0-1: Swinging Strike
0-2: Ball
1-2: Foul Ball, location: 2F
1-2: Ball
2-2: Strikes out swinging
Batting: RHB Ken Hahn 0-0: Ball
1-0: Swinging Strike
1-1: Swinging Strike
1-2: Hit by Pitch
Batting: SHB Nick Jansen 0-0: Swinging Strike
0-1: Swinging Strike
0-2: Strikes out looking
Top of the 6th over - 0 runs, 0 hits, 0 errors, 1 left on base; University of California 0 - Wichita State University 0
BOTTOM OF THE 6TH
Wichita State University Shockers batting - Pitching for University of California Golden Bears : RHP Steve Clothier
Pitching: RHP Tim Devine
Batting: RHB Byron Whitehead 0-0: Called Strike
0-1: Foul Ball, location: 2F
0-2: Ball
1-2: Ball
2-2: Strikes out looking
Batting: RHB Jeff Grant 0-0: Called Strike
0-1: Foul Ball, location: 2F
0-2: Ball
1-2: Strikes out swinging
Batting: RHB Bryan Palmer 0-0: Swinging Strike
0-1: Ball
1-1: Swinging Strike
1-2: Reached on error, E6 (Groundball, 6S, EV 63.8 MPH)
Batting: RHB Rick McGrath 0-0: Ball
Wild Pitch!
Bryan Palmer to third
1-0: Ball
2-0: Called Strike
2-1: Foul Ball, location: 2F
2-2: Strikes out swinging
Bottom of the 6th over - 0 runs, 0 hits, 1 error, 1 left on base; University of California 0 - Wichita State University 0
TOP OF THE 7TH
University of California Golden Bears batting - Pitching for Wichita State University Shockers : LHP Alex Brown
Pitching: LHP Éric Duval
Now at C: Larry Hogue
Batting: RHB Nate Mahon 0-0: Called Strike
0-1: Ball
1-1: Fly out, F7 (Flyball, 78M, EV 85.6 MPH)
Batting: RHB Juan Debayle 0-0: Swinging Strike
0-1: Ball
1-1: Called Strike
1-2: Foul Ball, location: 2F
1-2: Fly out, F6 (Line Drive, 6M, EV 75.6 MPH)
Batting: RHB Mike Wilson 0-0: Called Strike
0-1: Ball
1-1: Called Strike
1-2: Strikes out looking
Top of the 7th over - 0 runs, 0 hits, 0 errors, 0 left on base; University of California 0 - Wichita State University 0
BOTTOM OF THE 7TH
Wichita State University Shockers batting - Pitching for University of California Golden Bears : RHP Tim Devine
Pitching: RHP Luis Rojas
Batting: LHB Kyle Lee 0-0: Foul Ball, location: 2F
0-1: Ball
1-1: Foul Ball, location: 2F
1-2: Ground out 5-3 (Groundball, 56S, EV 95.6 MPH)
Pinch Hitting: RHB Lucio Baratta 0-0: Ball
1-0: Foul Ball, location: 2F
1-1: Ball
2-1: Foul Ball, location: 2F
2-2: Foul Ball, location: 2F
2-2: Foul Ball, location: 2F
2-2: Fly out, F3 (Popup, 34, EV 59.4 MPH)
Batting: RHB Chad Starnes 0-0: Ball
1-0: Fly out, F7 (Flyball, 7D, EV 102.5 MPH)
Bottom of the 7th over - 0 runs, 0 hits, 0 errors, 0 left on base; University of California 0 - Wichita State University 0
TOP OF THE 8TH
University of California Golden Bears batting - Pitching for Wichita State University Shockers : LHP Éric Duval
Pitching: RHP Ryan Chase
Now at 1B: Marvin Coffey
Batting: RHB Bill Gallardo 0-0: Swinging Strike
0-1: DOUBLE (Line Drive, 8RD, EV 103.8 MPH)
Batting: LHB Luis Orellana 0-0: Foul Ball, location: 2F
0-1: Called Strike
0-2: Ball
1-2: Ball
2-2: Fly out, F8 (Line Drive, 89M, EV 84.4 MPH)
Batting: RHB Tim Spence 0-0: Fly out, F8 (Flyball, 78M, EV 96.2 MPH)
Pitching: LHP Ernesto Ruiz
Batting: LHB Carlos Gaona 0-0: Called Strike
0-1: Ball
1-1: Called Strike
1-2: 2-RUN HOME RUN (Flyball, 89XD, EV 105.0 MPH), Distance : 420 ft
Pitching: RHP Jose del Castillo
Batting: RHB Ken Hahn 0-0: Called Strike
0-1: Ball
1-1: Ball
2-1: Swinging Strike
2-2: SINGLE (Flyball, 8RS, EV 88.1 MPH)
Batting: SHB Nick Jansen 0-0: Called Strike
0-1: SINGLE (Flyball, 7S, EV 91.2 MPH)
Ken Hahn to second
Batting: RHB Nate Mahon 0-0: Called Strike
0-1: SINGLE (Line Drive, 78S, EV 93.1 MPH)
Ken Hahn to third
Nick Jansen to second
Runner from 3rd tries for Home, SAFE, throw by LF to home
Batting: RHB Juan Debayle 0-0: Ball
1-0: Called Strike
1-1: Ball
2-1: Fly out, F8 (Flyball, 8RM, EV 86.2 MPH)
Top of the 8th over - 3 runs, 5 hits, 0 errors, 2 left on base; University of California 3 - Wichita State University 0
BOTTOM OF THE 8TH
Wichita State University Shockers batting - Pitching for University of California Golden Bears : RHP Luis Rojas
Pitching: RHP Travis Morris
Batting: RHB Larry Hogue 0-0: Called Strike
0-1: Swinging Strike
0-2: Ball
1-2: Ball
2-2: Foul Ball, location: 2F
2-2: Ball
3-2: Strikes out swinging
Batting: SHB Peter Faggard 0-0: DOUBLE (Groundball, 5L, EV 106.2 MPH)
Batting: RHB Byron Whitehead 0-0: Called Strike
0-1: Ball
1-1: Ground out 4-3 (Groundball, 4, EV 81.9 MPH)
Peter Faggard to third
Batting: RHB Jeff Grant 0-0: Fly out, F8 (Line Drive, 8LM, EV 86.9 MPH)
Bottom of the 8th over - 0 runs, 1 hit, 0 errors, 1 left on base; University of California 3 - Wichita State University 0
TOP OF THE 9TH
University of California Golden Bears batting - Pitching for Wichita State University Shockers : RHP Jose del Castillo
Pitching: LHP Greg Burton
Batting: RHB Mike Wilson 0-0: Ground out 6-3 (Groundball, 6S, EV 71.2 MPH)
Batting: RHB Bill Gallardo 0-0: Ball
1-0: Ground out 6-3 (Groundball, 6, EV 88.8 MPH)
Batting: LHB Luis Orellana 0-0: Ball
1-0: Ball
2-0: Called Strike
2-1: Foul Ball, location: 2F
2-2: SINGLE (Flyball, 6D, EV 94.4 MPH)
Batting: RHB Tim Spence 0-0: Swinging Strike
0-1: Fly out, F4 (Popup, 4MS, EV 63.8 MPH)
Top of the 9th over - 0 runs, 1 hit, 0 errors, 1 left on base; University of California 3 - Wichita State University 0
BOTTOM OF THE 9TH
Wichita State University Shockers batting - Pitching for University of California Golden Bears : RHP Travis Morris
Pitching: LHP Adam Gavel
Batting: RHB Bryan Palmer 0-0: Ball
1-0: Swinging Strike
1-1: Called Strike
1-2: Ball
2-2: Foul Ball, location: 2F
2-2: Strikes out swinging
Batting: RHB Rick McGrath 0-0: Called Strike
0-1: Foul Ball, location: 2F
0-2: Ball
1-2: SINGLE (Groundball, 5D, EV 99.4 MPH)
Batting: LHB Kyle Lee 0-0: Called Strike
0-1: Fly out, F7 (Flyball, 78M, EV 85.0 MPH)
Batting: RHB Marvin Coffey 0-0: Called Strike
0-1: Ball
1-1: Foul Ball, location: 2F
1-2: Fly out, F8 (Flyball, 8LS, EV 75.0 MPH)
Bottom of the 9th over - 0 runs, 1 hit, 0 errors, 1 left on base; University of California 3 - Wichita State University 0
Tuesday, March 28th , 2023 - OOTP Baseball 23.10 Build 110